Map: Jagannatha LE

Players

Trap - Winner!

  • Race: Protoss Protoss
  • League: Master

DPGZest (Zest)

  • Race: Protoss Protoss

Event: TSL 7

VOD

Have the link to the VOD?

Description

Time

  • Played on: June 27, 2021, 12:37 p.m.
  • Length: 8:53

All games in this series

Show
View Real Time Build Order
Export as new Build Order

Trap Protoss - Winner!

Build Orders:  

Get SALT Encoding   

  12  0:00  Probe  
  13  0:12  Probe  
  14  0:17  Pylon  
  14  0:24  Probe (Chrono Boost)  
  15  0:36  Probe (Chrono Boost)  
  15  0:37  Gateway  
  16  0:44  Probe (Chrono Boost)  
  16  0:48  Assimilator  
  17  0:51  Probe  
  17  0:56  Assimilator  
  18  1:03  Probe (Chrono Boost)  
  19  1:09  Gateway  
  19  1:14  Probe (Chrono Boost)  
  20  1:19  Probe (Chrono Boost)  
  20  1:25  Cybernetics Core  
  21  1:31  Probe  
  22  1:37  Pylon  
  22  1:43  Probe  
  23  2:01  Stalker x2  
  26  2:05  Warp Gate  
  27  2:18  Robotics Facility  
  27  2:24  Pylon  
  27  2:31  Stalker  
  27  2:37  Stalker  
  31  2:45  Shield Battery  
  31  3:01  Shield Battery  
  30  3:06  Immortal (Chrono Boost)  
  36  3:20  Sentry  
  36  3:24  Gateway  
  36  3:28  Pylon  
  36  3:38  Warp Prism (Chrono Boost)  
  36  3:45  Probe  
  39  3:59  Sentry x2  
  43  4:03  Pylon  
  43  4:06  Probe  
  41  4:18  Probe  
  41  4:30  Probe  
  40  4:42  Probe  
  41  4:46  Immortal  
  45  4:54  Pylon  
  45  4:55  Probe  
  46  5:07  Probe  
  47  5:16  Stargate  
  47  5:21  Adept  
  49  5:24  Adept  
  51  5:32  Observer  
  52  5:35  Pylon  
  52  5:57  Immortal  
  56  6:10  Phoenix (Chrono Boost)  
  58  6:16  Pylon  
  58  6:17  Pylon  
  56  6:26  Phoenix (Chrono Boost)  
  58  6:50  Phoenix (Chrono Boost)  
  60  7:00  Adept x3  
  66  7:13  Pylon  
  66  7:16  Phoenix (Chrono Boost)  
  68  7:32  Adept x2  
  68  7:36  Phoenix (Chrono Boost)  
  72  7:45  Phoenix  
  74  7:59  Nexus  
  74  8:17  Adept x3  
Show
View Real Time Build Order
Export as new Build Order

DPGZest Protoss 

Build Orders:  

Get SALT Encoding   

  12  0:00  Probe  
  13  0:12  Probe  
  14  0:17  Pylon  
  14  0:24  Probe (Chrono Boost)  
  15  0:36  Probe (Chrono Boost), Gateway  
  16  0:44  Probe (Chrono Boost)  
  16  0:45  Assimilator  
  17  0:51  Probe  
  18  1:03  Probe (Chrono Boost)  
  19  1:04  Assimilator  
  19  1:10  Gateway  
  19  1:12  Probe (Chrono Boost)  
  19  1:17  Probe (Chrono Boost)  
  20  1:24  Cybernetics Core  
  21  1:29  Probe  
  22  1:35  Pylon  
  22  1:41  Probe  
  23  1:53  Probe  
  24  2:00  Adept x2  
  24  2:01  Warp Gate  
  28  2:08  Robotics Facility  
  28  2:15  Pylon  
  28  2:31  Stalker  
  28  2:33  Stalker  
  32  2:51  Pylon  
  32  2:52  Warp Prism (Chrono Boost)  
  34  3:02  Shield Battery  
  34  3:18  Immortal (Chrono Boost)  
  32  3:26  Shield Battery  
  34  3:32  Gateway  
  34  3:50  Adept x2  
  38  3:58  Immortal  
  42  4:37  Immortal  
  42  4:49  Adept x2  
  46  4:53  Pylon  
  46  5:06  Pylon  
  46  5:08  Gateway  
  46  5:21  Adept  
  49  5:23  Immortal  
  49  5:24  Gateway  
  52  5:35  Robotics Bay  
  52  5:46  Shield Battery  
  52  5:50  Adept  
  52  6:02  Observer  
  53  6:24  Disruptor (Chrono Boost)  
  55  6:31  Pylon  
  54  6:33  Pylon  
  54  6:38  Pylon  
  54  6:39  Gravitic Drive  
  54  6:52  Colossus (Chrono Boost)  
  60  7:03  Stalker x2  
  60  7:04  Stalker  
  66  7:27  Stalker x3  
  72  7:48  Pylon  
  72  8:00  Pylon  
  72  8:17  Stalker x3  
Tags
 
Event
TSL 7
League
Master
Matchup
PvP
Player
TrapZest
Add a new tag
Caveats
  • Supply blocks, unpowered buildings, or Contaminate may cause inaccurate times.
  • Supply counts are checked every 10 seconds.